 Dungeon Crawl Stone Soup version 0.30-a0-748-ge6a52f7cba (webtiles) character file.

Game seed: 8548988732426175768

19 jimonade the Sneak (level 2, -1/13 HPs)
             Began as a Vine Stalker Enchanter on Feb 8, 2023.
             Slain by a goblin
             ... wielding a +0 dagger
              (2 damage)
             ... on level 1 of the Dungeon.
             The game lasted 00:00:41 (273 turns).

jimonade the Sneak (Vine Stalker Enchanter)          Turns: 273, Time: 00:00:41

Health: -1/13      AC:  2    Str: 10    XL:     2   Next: 75%
Magic:  0/6        EV: 12    Int: 15    God:
Gold:   23         SH:  0    Dex: 14    Spells: 5/5 levels left

rFire   . . .      SeeInvis .    a - +1 dagger
rCold   . . .      Faith    .    (no shield)
rNeg    . . .      Spirit   +    b - +0 robe
rPois   .          Reflect  .    (no helmet)
rElec   .          Harm     .    (no cloak)
rCorr   .          Rampage  .    (no gloves)
Will    .....                    (no boots)
Stlth   +++                      (no amulet)
HPRegen 0.22/turn                (no ring)
MPRegen 0.10/turn                (no ring)

@: no status effects
A: fangs 2, magic shield, antimagic bite, no potion heal 2
a: no special abilities


You were on level 1 of the Dungeon.
You visited 1 branch of the dungeon, and saw 1 of its levels.

You collected 23 gold pieces.

Inventory:

Hand Weapons
 a - a +1 dagger (weapon)
Armour
 b - a +0 robe (worn)
Potions
 c - 2 potions of invisibility
 d - a potion of curing {unknown}


   Skills:
 + Level 0.1 Fighting
 * Level 1.2 Short Blades
 + Level 1.5 Dodging
 + Level 4.0 Stealth
 + Level 2.3 Spellcasting
 + Level 3.4 Hexes


You had 5 spell levels left.
You didn't know any spells.
Your spell library contained the following spells:

 Spells                   Type           Power      Damage    Failure   Level
 Ensorcelled Hibernation  Hex/Ice        12%        N/A       16%         2
 Confusing Touch          Hex            11%        N/A       16%         3
 Tukima's Dance           Hex            11%        N/A       16%         3
 Blink                    Tloc           2%         N/A       32%         2
 Lesser Beckoning         Tloc           2%         N/A       32%         2
 Momentum Strike          Conj/Tloc      2%         3d8       32%         2
 Dazzling Flash           Conj/Hex       12%        N/A       32%         3


Dungeon Overview and Level Annotations

Branches:
Dungeon (1/15)

Altars:


Innate Abilities, Weirdness & Mutations

You have extremely sharp teeth.
When hurt, damage is shared between your health and your magic reserves.
Your bite disrupts and absorbs the magic of your enemies.
Potions cannot restore your health.


Message History

A goblin comes into view. It is wielding a +0 club.
The helpless frilled lizard fails to defend itself.
You puncture the frilled lizard!
You kill the frilled lizard!
Found a scale mail.
A goblin comes into view. It is wielding a +0 dagger.
Found 5 gold pieces.
There are monsters nearby!
A hobgoblin comes into view.
The goblin shouts!
Found 9 gold pieces.
You hit the goblin. You bite the goblin, but do no damage.
The goblin is severely wounded.
The goblin hits you with a +0 club.
You hit the goblin.
You kill the goblin!
The goblin hits you with a +0 dagger.
You hit the hobgoblin but do no damage. Your bite misses the hobgoblin.
The hobgoblin barely misses you. The goblin hits you with a +0 dagger.
You hit the hobgoblin.
The hobgoblin is moderately wounded.
The hobgoblin hits you. The goblin closely misses you.
You barely miss the hobgoblin.
The hobgoblin is moderately wounded.
The hobgoblin misses you. The goblin hits you with a +0 dagger.
You hit the hobgoblin.
You bite the hobgoblin, but do no damage.
The hobgoblin is severely wounded.
The hobgoblin hits you. The goblin hits you with a +0 dagger.
You hit the goblin. Your bite misses the goblin.
The goblin is moderately wounded.
The hobgoblin hits you.
* * * LOW HITPOINT WARNING * * *
The goblin closely misses you.
You hit the goblin.
The goblin is severely wounded.
The hobgoblin hits you.
* * * LOW HITPOINT WARNING * * *
The goblin hits you with a +0 dagger.
You die...

+..<. .............
#.... ............#
#.... $...........#
###+# ............#
.....[......#
............#
..$...gg....#
...[..)@....#
............# #+#
............##########.#
............†........#'#
########..†#########.#..
#...# #.##. #...# #.##.
#...# #.##. #...# #....


You could see a hobgoblin and a goblin.

Vanquished Creatures
  A ball python (D:1)
  3 bats (D:1)
  4 endoplasms (D:1)
  2 goblins (D:1)
  3 hobgoblins (D:1)
  A quokka (D:1)
  A frilled lizard (D:1)
  A kobold (D:1)
16 creatures vanquished.

Notes
Turn   | Place    | Note
-------+----------+-------------------------------------------
     0 | D:1      | jimonade the Vine Stalker Enchanter began the quest for the
                  | Orb.
     0 | D:1      | Reached XP level 1. HP: 9/9 MP: 4/4
    30 | D:1      | Reached skill level 1 in Short Blades
    76 | D:1      | Reached XP level 2. HP: 11/13 MP: 4/6
   203 | D:1      | Reached skill level 4 in Stealth
   273 | D:1      | Slain by a goblin

Illustrated notes

Levels and vault maps discovered:
D:1:      matt_arrival_los_fun, layout_basic, minmay_misc_feat_square

Skill      XL: |  1  2 |
---------------+-------+-----
Short Blades   | 1 |  1.2
Stealth        | 4 |  4.0
Fighting       | |  0.1
Dodging        | |  1.5
Spellcasting   | |  2.3
Hexes          | |  3.4

Action                     || total
---------------------------++-------
  Melee: Dagger            ||    45
         Bite              ||    14
   Stab: Sleeping          ||     5
 Armour: Robe              ||    10
  Dodge: Dodged            ||    32

Table legend: (Time is in decaauts)
 A = Elapsed time spent in this place.
 B = Non-inter-level travel time spent in this place.
 C = Inter-level travel time spent in this place.
 D = Time resting spent in this place.
 E = Time spent auto-exploring this place.
 F = Levels seen in this place.
 G = Mean time per level.
                   A        B        C        D        E       F      G
               +--------+--------+--------+--------+--------+-----+--------+
         Total |    270 |    270 |      0 |      0 |    158 |   1 |  270.0 |
       Dungeon |    270 |    270 |      0 |      0 |    158 |   1 |  270.0 |
               +--------+--------+--------+--------+--------+-----+--------+

Top non-repeatable levels by time:
     D:1: 270 daAuts
